 Dungeon Crawl Stone Soup version 0.24.0-13-gcf9b319 (webtiles) character file.

Game seed: 2531626325049076229, levelgen mode: deterministic

86 Fang the Skirmisher (level 4, -1/43 HPs)
             Began as a Gargoyle Berserker on Nov 15, 2019.
             Was a Follower of Trog.
             Hit by a goblin thrown by Robin (2 damage)
             ... on level 2 of the Dungeon.
             The game lasted 00:01:52 (616 turns).

Fang the Skirmisher (Gargoyle Berserker)             Turns: 616, Time: 00:01:53

Health: -1/43      AC:  5    Str: 27    XL:     4   Next: 50%
Magic:  4/4        EV: 12    Int:  7    God:    Trog [*.....]
Gold:   19         SH:  0    Dex:  9    Spells: 3/3 levels left

rFire    . . .     SeeInvis .   a - +0 hand axe
rCold    . . .     Gourm    .   (no shield)
rNeg     + . .     Faith    .   b - +0 animal skin
rPois    ∞         Spirit   .   (no helmet)
rElec    +         Reflect  .   (no cloak)
rCorr    .         Harm     .   (no gloves)
MR       .....                  (no boots)
Stlth    ..........             (no amulet)
HPRegen  0.14/turn              (no ring)
MPRegen  0.09/turn              (no ring)

@: berserking, very quick
A: negative energy resistance 1, electricity resistance, unbreathing,
petrification resistance, rot immunity, AC +3
a: Berserk, Renounce Religion


You were on level 2 of the Dungeon.
You worshipped Trog.
Trog was aware of your devotion.
You were hungry.

You visited 1 branch of the dungeon, and saw 2 of its levels.

You collected 19 gold pieces.

Inventory:

Hand Weapons
 a - a +0 hand axe (weapon)
Armour
 b - a +0 animal skin (worn)
Scrolls
 e - 2 scrolls of fog {unknown}
 h - a scroll of remove curse {unknown}
 i - 2 scrolls of fear {unknown}
Potions
 d - a potion of haste {unknown}
 f - a potion of mutation {unknown}
 j - a potion of curing {unknown}
 k - a potion of berserk rage {unknown}
Comestibles
 c - 3 rations
 g - 7 chunks of flesh


   Skills:
 + Level 4.0 Fighting
 + Level 3.3 Axes
 + Level 3.1 Armour
 + Level 2.2 Dodging


You had 3 spell levels left.
You didn't know any spells.
Your spell library was empty.

Dungeon Overview and Level Annotations

Branches:
Dungeon (2/15)

Altars:

Annotations:
D:2 Robin, Sigmund


Innate Abilities, Weirdness & Mutations

You are resistant to torment.
Your stone body is resilient. (AC +3)
You are immune to poison.
You resist negative energy. (rN+)
You are resistant to electric shocks. (rElec)
You can survive without breathing.
You are immune to petrification.
You are immune to rotting.


Message History

The goblin hits you but does no damage.
Things that are here:
a +0 club; a goblin corpse You are too injured to fight recklessly!
You barely miss the goblin. You slash the goblin!
You kill the goblin!
Trog accepts your kill.
You hit the hobgoblin. You barely miss the goblin.
A bat comes into view.
The goblin barely misses you. Robin throws the goblin at you!
The goblin misses you. The hobgoblin hits you with a +0 club.
* * * LOW HITPOINT WARNING * * *
The goblin misses you.
You are too injured to fight recklessly!
You barely miss the goblin. You hit the goblin.
You kill the goblin!
Trog accepts your kill.
You barely miss the goblin. You barely miss the hobgoblin.
Sigmund closely misses you. Robin throws the goblin at you!
You die...

## #...........
...#...........
...#...........
...............
...#...........
.......g.......
#.@).)......
#..g@g......
####g####### #.#
######## #.#
#....... #.#
#....... #.#
######.......
#.####...##(......
#....'...)'.......
######...##......÷


You could see Sigmund, Robin, a hobgoblin and 2 goblins.

Vanquished Creatures
  A scorpion (D:2)
  An adder (D:2)
  2 dart slugs
  A leopard gecko (D:1)
  10 goblins
  3 hobgoblins
  2 kobolds
  2 bats (D:1)
  4 rats
26 creatures vanquished.

Notes
Turn   | Place    | Note
-------+----------+-------------------------------------------
     0 | D:1      | Fang the Gargoyle Berserker began the quest for the Orb.
     0 | D:1      | Reached XP level 1. HP: 14/14 MP: 1/1
   145 | D:1      | Reached XP level 2. HP: 14/19 MP: 2/2
   513 | D:2      | Noticed a scorpion
   524 | D:2      | Killed a scorpion
   524 | D:2      | Reached XP level 3. HP: 13/24 MP: 3/3
   524 | D:2      | Reached XP level 4. HP: 15/29 MP: 4/4
   529 | D:2      | Reached skill level 4 in Fighting
   608 | D:2      | Noticed Robin
   609 | D:2      | Noticed Sigmund
   615 | D:2      | HP: 1/43 [hobgoblin/+0 club[Robin] (2)]
   616 | D:2      | Hit by a goblin thrown by Robin

Levels and vault maps discovered:
D:1:      wander_arrival_peaceful_grave, layout_basic
D:2:      layout_basic, old_standard_altar, minmay_between, uniq_robin,
          uniq_sigmund

Skill      XL: |  1  2  3  4 |
---------------+-------------+-----
Axes           | 3 |  3.3
Armour         | 3 |  3.1
Dodging        | 2 |  2.2
Fighting       | 4 |  4.0

Action                   |  1- 3 |  4- 6 || total
-------------------------+-------+-------++-------
Melee: Hand axe          |    53 |    13 ||    66
Invok: Berserk           |     1 |     1 ||     2
Armor: Animal skin       |    17 |     7 ||    24
Dodge: Dodged            |    31 |    12 ||    43
